 Dungeon Crawl Stone Soup version 0.27.1-33-g824d729ab1 (webtiles) character file.

Game seed: 15525492538149663420

10058 zeram the Imperceptible (level 11, -1/49 HPs)
             Began as a Spriggan Brigand on Nov 27, 2021.
             Killed by vampiric draining
             ... invoked by a vampire
              (6 damage)
             ... on level 8 of the Dungeon.
             The game lasted 00:38:30 (15162 turns).

zeram the Imperceptible (Spriggan Brigand)         Turns: 15162, Time: 00:38:30

Health: -1/49      AC:  6    Str:  7    XL:     11   Next: 31%
Magic:  0/12       EV: 37    Int: 16    God:
Gold:   870        SH:  0    Dex: 24    Spells: 7/10 levels left

rFire    . . .     SeeInvis +   t - +2 dagger (vorpal)
rCold    . . .     Faith    .   (shield restricted)
rNeg     . . .     Spirit   +   h - +0 steam dragon scales
rPois    +         Reflect  .   (helmet restricted)
rElec    .         Harm     .   c - +0 cloak
rCorr    .         Rampage  .   (gloves unavailable)
Will     +....                  (boots unavailable)
Stlth    +++++++++.             i - amulet of guardian spirit
HPRegen  0.16/turn              j - ring of poison resistance
MPRegen  0.13/turn              y - ring of a Million Deaths {Fly Dex+7 Slay+4 Stlth+}

@: flying, studying Stealth, very quick
A: very small, no large weapons, unfitting armour, see invisible, speed 3
a: no special abilities


You were on level 8 of the Dungeon.
You visited 2 branches of the dungeon, and saw 10 of its levels.
You also visited: Sewer and Ossuary.

You collected 870 gold pieces.

Inventory:

Hand Weapons
 a - a +2 dagger
 m - a +1 dagger of protection
 o - a +1 dagger of venom
 t - a +2 vorpal dagger (weapon)
 J - the +8 demon trident "Rift" {distort, reach+}
   (You found it on level 8 of the Dungeon)

   It warps and distorts space around it, and may blink, banish, or inflict
   extra damage upon those it strikes.
   Unwielding it can cause banishment or high damage.
   It can reach especially far, and its reaching attacks ignore other creatures
   in the way.
Missiles
 d - 3 poisoned darts (quivered)
 e - 4 curare-tipped darts
 I - 5 throwing nets
Armour
 b - a +0 robe
 c - a +0 cloak (worn)
 f - a +2 robe of fire resistance
 h - +0 steam dragon scales (worn)
 v - the +1 robe of the Farrier {Int+3}
   (You found it on level 5 of the Dungeon)

   Int:       It affects your intelligence (+3).
 w - a +0 cloak
 K - a +0 troll leather armour
Jewellery
 i - an amulet of guardian spirit (around neck)
 j - a ring of poison resistance (left hand)
 n - a ring of positive energy
 y - the ring of a Million Deaths (right hand) {Fly Dex+7 Slay+4 Stlth+}
   (You acquired it on level 5 of the Dungeon)

   [ring of slaying]

   Dex:       It affects your dexterity (+7).
   Slay:      It affects your accuracy & damage with ranged weapons and melee
   (+4).
   Fly:       It grants you flight.
   Stlth:     It makes you more stealthy.
Wands
 l - a wand of charming (9)
 r - a wand of iceblast (9)
 H - a wand of polymorph (7)
Scrolls
 k - 2 scrolls of fear
 x - a scroll of fog
 C - a scroll of brand weapon
Potions
 g - 2 potions of curing
 p - 2 potions of degeneration
 s - 2 potions of lignification
 u - a potion of magic
 z - a potion of haste {unknown}
 A - 5 potions of mutation
 B - a potion of brilliance {unknown}
 D - 3 potions of resistance
 E - a potion of attraction
Miscellaneous
 F - a phantom mirror
 G - a tin of tremorstones (2/2)


   Skills:
 - Level 1.6 Fighting
 + Level 4.2 Short Blades
 - Level 2.0 Throwing
 + Level 18.4 Dodging
 + Level 21.7 Stealth


You had 7 spell levels left.
You knew the following spells:

 Your Spells              Type           Power      Damage    Failure   Level
a - Vampiric Draining     Necr           0%         2d6       58%         3

Your spell library contained the following spells:

 Spells                   Type           Power      Damage    Failure   Level
 Animate Skeleton         Necr           0%         N/A       26%         1
 Magic Dart               Conj           0%         1d3       26%         1
 Pain                     Necr           0%         1d4       26%         1
 Call Imp                 Summ           0%         N/A       36%         2
 Searing Ray              Conj           0%         3d3       36%         2
 Sublimation of Blood     Necr           0%         N/A       36%         2
 Mephitic Cloud           Conj/Pois/Air  0%         N/A       58%         3
 Summon Guardian Golem    Hex/Summ       0%         N/A       58%         3
 Fulminant Prism          Conj/Hex       0%         3d6       94%         4
 Ice Form                 Ice/Tmut       0%         N/A       94%         4
 Leda's Liquefaction      Hex/Erth       0%         N/A       94%         4
 Summon Lightning Spire   Summ/Air       0%         N/A       94%         4
 Summon Forest            Summ/Tloc      0%         N/A       100%        5
 Death Channel            Necr           0%         N/A       100%        6
 Eringya's Noxious Bog    Tmut/Pois      0%         N/A       100%        6
 Dragon Form              Tmut           0%         N/A       100%        7
 Storm Form               Tmut/Air       0%         N/A       100%        7
 Summon Hydra             Summ           0%         N/A       100%        7
 Maxwell's Capacitive Co  Air            0%         ∞         100%        8


Dungeon Overview and Level Annotations

Branches:
Dungeon (9/15)               Lair (1/6) D:8             Orc (0/2) D:9
  Sewer (visited)         Ossuary (visited)
 Temple: D:4-7

Altars:
Ashenzari
Cheibriados
Makhleb
Vehumet
The Shining One


Innate Abilities, Weirdness & Mutations

You are very small and have problems with some larger weapons.
You are too small for most types of armour.
You have supernaturally acute eyesight. (SInv)
You cover ground extremely quickly. (Speed+++)


Message History

The vampire completely misses you. x2
You hit the vampire but do no damage.
The vampire is heavily damaged.
The vampire draws life force from you!
The vampire is healed by the life force!
You hit the vampire.
The vampire is heavily damaged.
The vampire gestures wildly while chanting.
The vampire flickers and vanishes for a moment.
You hit the vampire.
The vampire is heavily damaged.
You hit the vampire but do no damage.
The vampire is heavily damaged.
The vampire completely misses you. x2
You hit the vampire but do no damage.
The vampire is heavily damaged.
The vampire closely misses you. The vampire barely misses you.
You hit the vampire.
The vampire is heavily damaged.
The vampire completely misses you. The vampire misses you.
You hit the vampire.
The vampire is severely damaged.
The vampire hits you! The vampire completely misses you.
You hit the vampire.
The vampire is severely damaged.
You hit the vampire.
The vampire is almost destroyed.
The vampire hits you. The vampire misses you.
You hit the vampire but do no damage.
The vampire is almost destroyed.
The vampire draws life force from you!
* * * LOW HITPOINT WARNING * * *
The vampire is healed by the life force!
You closely miss the vampire.
The vampire is severely damaged.
The vampire barely misses you. The vampire closely misses you.
You hit the vampire.
The vampire is severely damaged.
The vampire draws life force from you!
You die...

.# #.# #.).#####..##.###.[###...
.# #.# #.)).....................
.###.# #..#######.##.#########.#
.....# #..#######.##'## #..
.##### #..........#...## ###
.##### ###.#######.....## ###
.....# ##.## ##...(...## ##.#
.###.#####...####.........####...
............<...@V........+......
..##.#####...####.........####...
..##.# #)......###.......## ##.(
..##.# #.##.##.# ##.....## ##.
.....# #....##.# ##...## #.
....## #)#####.# ##'## #.
###..###.#####.# #.# #.
..##..##.......# #.######## #.
⌠..##........### ##........# #.


You could see a vampire (invisible).

Vanquished Creatures
  Harold (D:8)
  A hydra (D:7)
  3 two-headed ogres
  A manticore (D:8)
  A cyclops (D:8)
  A kobold demonologist (D:8)
  A troll (D:8)
  Prince Ribbit (D:7)
  Sigmund (D:3)
  Eustachio (D:5)
  A yak (D:8)
  Menkaure (D:7)
  3 vampire mosquitoes
  2 steam dragons
  3 water moccasins
  Duvessa (D:5)
  3 orc warriors
  A hornet zombie (D:8)
  3 sky beasts
  An ice beast (D:6)
  4 centaurs (D:8)
  A necrophage (D:5)
  2 ogres
  An elf zombie (Ossuary)
  3 kobold brigands
  2 gnoll sergeants (D:8)
  A wyvern zombie (D:5)
  A bullfrog (D:8)
  Dowan (D:5)
  3 killer bees (D:9)
  A howler monkey (D:7)
  12 wights
  3 electric eels (D:6)
  6 centaur zombies
  Crazy Yiuf (D:5)
  3 jellies
  A bullfrog skeleton (D:6)
  An orc priest (D:3)
  2 human zombies (Ossuary)
  Jessica (D:2)
  A centaur skeleton (D:5)
  3 iguanas
  6 orc wizards
  A killer bee zombie (D:8)
  2 mummies (Ossuary)
  A howler monkey zombie (D:8)
  Robin (D:3)
  3 gnolls (D:5)
  6 adders
  2 ufetubi
  An adder zombie (Ossuary)
  3 worms
  10 dart slugs
  34 orcs
  8 ball pythons
  8 bats
  5 endoplasms
  5 giant cockroaches
  17 goblins
  6 hobgoblins
  7 quokkas
  5 frilled lizards
  A goblin zombie (Ossuary)
  9 hobgoblin zombies (Ossuary)
  2 jackal zombies (Ossuary)
  18 kobolds
  10 kobold zombies (Ossuary)
  7 orc zombies (Ossuary)
  11 rats
  A rat zombie (Ossuary)
275 creatures vanquished.

Vanquished Creatures (others)
  A plant (Sewer)
1 creature vanquished.

Grand Total: 276 creatures vanquished

Notes
Turn   | Place    | Note
-------+----------+-------------------------------------------
     0 | D:1      | zeram the Spriggan Brigand began the quest for the Orb.
     0 | D:1      | Reached XP level 1. HP: 10/10 MP: 2/2
   122 | D:1      | Reached skill level 6 in Stealth
   286 | D:1      | Reached XP level 2. HP: 13/14 MP: 3/3
   708 | D:1      | Reached skill level 7 in Stealth
   730 | D:1      | Found a faded altar of an unknown god.
   745 | D:1      | Found a faded altar of an unknown god.
  1183 | D:2      | Reached XP level 3. HP: 18/18 MP: 4/4
  1704 | D:2      | Identified a scroll of acquirement
  1719 | D:2      | Noticed Jessica
  1722 | D:2      | Killed Jessica
  1723 | D:2      | Reached skill level 8 in Stealth
  1723 | D:2      | Reached XP level 4. HP: 22/22 MP: 5/5
  2065 | D:2      | You fall into a shaft and drop 1 floor!
  2189 | D:3      | Acquired a manual of Dodging
  2271 | D:3      | Noticed Robin
  2538 | D:2      | Reached skill level 9 in Stealth
  3132 | D:3      | Noticed Sigmund
  3507 | D:3      | Killed Sigmund
  3508 | D:3      | Reached skill level 10 in Stealth
  3508 | D:3      | Reached XP level 5. HP: 19/25 MP: 3/6
  3508 | D:3      | Reached XP level 6. HP: 23/30 MP: 3/7
  3545 | D:3      | Killed Robin
  4120 | D:3      | Reached skill level 11 in Stealth
  4283 | D:3      | Reached skill level 5 in Dodging
  5012 | D:4      | Found a glowing golden altar of the Shining One.
  5033 | D:4      | You fall into a shaft and drop 1 floor!
  5033 | D:5      | Entered Level 5 of the Dungeon
  5038 | D:5      | Identified the +1 robe of the Farrier {Int+3}
  5046 | D:5      | Reached XP level 7. HP: 33/33 MP: 8/8
  5142 | D:5      | Reached skill level 12 in Stealth
  5175 | D:5      | Found a runed translucent door.
  5176 | D:5      | Noticed Crazy Yiuf
  5183 | D:5      | Killed Crazy Yiuf
  5204 | D:5      | Noticed Eustachio
  5221 | D:5      | Killed Eustachio
  5510 | D:5      | Reached skill level 13 in Stealth
  5510 | D:5      | Reached XP level 8. HP: 37/37 MP: 9/9
  5627 | D:5      | Found a glowing drain.
  5638 | Sewer    | Entered a sewer
  5791 | Sewer    | Reached skill level 10 in Dodging
  5820 | Sewer    | Acquired 420 gold pieces
  5914 | D:5      | Noticed Duvessa
  5914 | D:5      | Noticed Dowan
  5934 | D:5      | Killed Duvessa
  5935 | D:5      | Killed Dowan
  6012 | D:6      | Reached skill level 14 in Stealth
  6229 | D:5      | Acquired the ring of a Million Deaths {Fly Dex+7 Slay+4
                  | Stlth+}
  6233 | D:5      | Acquired a manual of Stealth
  6241 | D:5      | Learned a level 3 spell: Vampiric Draining
  6437 | D:6      | Found a sand-covered staircase.
  6445 | Ossuary  | Entered an ossuary
  6636 | Ossuary  | Reached skill level 15 in Stealth
  7129 | D:6      | Reached XP level 9. HP: 29/42 MP: 7/10
  8775 | D:6      | Reached skill level 16 in Stealth
  9217 | D:7      | Noticed Menkaure
  9230 | D:7      | Killed Menkaure
  9589 | D:7      | Reached skill level 15 in Dodging
  9678 | D:7      | Found a burning altar of Makhleb.
  9852 | D:7      | Noticed Prince Ribbit
  9859 | D:7      | Killed Prince Ribbit
  9860 | D:7      | Reached skill level 17 in Stealth
 10024 | D:8      | Found a snail-covered altar of Cheibriados.
 10024 | D:8      | Found a broken altar of Ashenzari.
 10025 | D:8      | Found a broken altar of Ashenzari.
 10025 | D:8      | Found a radiant altar of Vehumet.
 10454 | D:8      | Noticed Harold
 10476 | D:8      | Killed Harold
 10477 | D:8      | Reached skill level 18 in Stealth
 10477 | D:8      | Reached XP level 10. HP: 46/46 MP: 11/11
 10527 | D:8      | Found a staircase to the Lair.
 10641 | D:8      | Reached skill level 19 in Stealth
 10647 | D:8      | Noticed a smoke demon
 10653 | D:8      | Noticed a smoke demon
 10736 | D:8      | Found the +8 demon trident "Rift" {distort, reach+}
 10736 | D:8      | Noticed a two-headed ogre
 10736 | D:8      | Noticed a manticore
 10737 | D:8      | Noticed a six-headed hydra
 10781 | D:8      | Killed a two-headed ogre
 10782 | D:8      | Reached skill level 20 in Stealth
 10974 | D:7      | Killed a six-headed hydra
 11172 | D:8      | Killed a manticore
 11173 | D:8      | Reached skill level 21 in Stealth
 11240 | D:8      | Noticed a brown ugly thing
 11245 | D:8      | Noticed a two-headed ogre
 12034 | Lair:1   | Entered Level 1 of the Lair of Beasts
 12034 | Lair:1   | Noticed a four-headed hydra
 12058 | D:8      | Noticed a two-headed ogre
 12244 | D:7      | Killed a two-headed ogre
 12245 | D:7      | Reached XP level 11. HP: 43/49 MP: 9/12
 13427 | D:8      | Killed a two-headed ogre
 13541 | D:8      | Got Goajav's Disquisition on the Supportive Rocks
 13559 | D:8      | Got Funnaczuti's Guide on Darkness and Changing
 14694 | D:9      | Found a staircase to the Orcish Mines.
 14771 | D:9      | Noticed a two-headed ogre
 15162 | D:8      | Killed from afar by a vampire

Illustrated notes

Levels and vault maps discovered:
D:1:      dpeg_arrival_signposts, layout_basic,
          hellmonk_ecumenical_altar_the_god_not_taken,
          hangedman_abyss_or_decor_stabs, serial_park_tiny_1,
          serial_bayou_pond_d
D:2:      minmay_angry_zag, layout_basic, uniq_jessica
D:3:      layout_basic, uniq_robin, uniq_sigmund
D:4:      layout_loops_ring, beargit_hepliaklqana_dungeon_heroes,
          general_overflow_altar, temple_doors_e
D:5:      layout_gridville, gup_sewer_entry_bubbles, uniq_duvessa,
          uniq_crazy_yiuf_cottage, uniq_eustachio
D:6:      kennysheep_slugbush, layout_basic,
          lightli_ossuary_entry_decrepit_ruins, dk_noncrumbling_2
D:7:      layout_loops_corners, lightli_temple_of_fire, uniq_prince_ribbit1,
          uniq_menkaure
D:8:      minmay_the_grid_octo_tiled_squarecenter
          [minmay_the_grid_octo_checkered, minmay_the_grid_octo_pinwheel,
          minmay_the_grid_octo_focus, minmay_the_grid_octo_shrine,
          minmay_the_grid_square_5x5_megaprize_crossed,
          minmay_the_grid_square_5x5_dogpile,
          minmay_the_grid_square_5x5_inner_i,
          minmay_the_grid_square_5x5_shrine2, minmay_the_grid_square_5x5_tie],
          layout_loops_corners, minmay_misc_feat_alley, uniq_harold
D:9:      layout_layer_cave, david_orc_2, chequers_big_river,
          minmay_splitting_lines, chequers_serial_rivers_micro_a
Lair:1:   layout_gridlike, grunt_megastairs_3

Skill      XL: |  1  2  3  4  5  6  7  8  9 10 11 |
---------------+----------------------------------+-----
Stealth        | 6 7 8 10 11 13 15 18 21 | 21.7
Dodging        | 3 6 9 12 16 18 | 18.4
Short Blades   | 4 |  4.2
Fighting       | |  1.6
Throwing       | |  2.0

Action                   |  1- 3 |  4- 6 |  7- 9 | 10-12 || total
-------------------------+-------+-------+-------+-------++-------
Melee: Dagger            |   113 |   263 |   615 |   506 ||  1497
Throw: Dart              |       |     2 |     7 |    20 ||    29
Evoke: Wand              |       |       |       |     2 ||     2
  Use: Scroll            |     3 |     5 |    12 |     7 ||    27
       Potion            |       |     3 |     1 |     8 ||    12
 Stab: Sleeping          |    14 |     8 |    26 |    11 ||    59
       Invisible         |       |     2 |     4 |     1 ||     7
       Distracted        |       |     1 |     1 |     2 ||     4
Armor: Robe              |    10 |       |       |       ||    10
       Steam dragon scal |     5 |    66 |    68 |    21 ||   160
Dodge: Dodged            |    59 |   175 |   698 |   740 ||  1672
